 Dungeon Crawl Stone Soup version 0.28.0-43-g3370ac3207 (webtiles) character file.

Game seed: 9318838186770128644

272 Kaptain the Digger (level 6, 0/36 HPs)
             Began as a Gargoyle Earth Elementalist on Mar 29, 2022.
             Slain by Edmund
             ... wielding a +1 flail of protection
              (3 damage)
             ... on level 4 of the Dungeon.
             The game lasted 00:08:15 (3848 turns).

Kaptain the Digger (Gargoyle Earth Elementalist)    Turns: 3848, Time: 00:08:16

Health: 0/36       AC:  8    Str: 11    XL:     6   Next: 23%
Magic:  9/10       EV: 15    Int: 18    God:
Gold:   215        SH:  0    Dex: 10    Spells: 10/11 levels left

rFire   . . .      SeeInvis .   n - +1 spear (venom)
rCold   . . .      Faith    .   (no shield)
rNeg    + . .      Spirit   .   d - +0 leather armour
rPois   ∞          Reflect  .   h - +0 helmet
rElec   +          Harm     .   (no cloak)
rCorr   .          Rampage  .   (no gloves)
Will    .....                   (no boots)
Stlth   ++........              (no amulet)
HPRegen 0.12/turn               w - +4 ring of evasion
MPRegen 0.12/turn               (no ring)

@: no status effects
A: sickness immunity, AC +4, negative energy resistance 1, electricity
resistance, torment resistance 1, petrification resistance
a: no special abilities


You were on level 4 of the Dungeon.
You visited 1 branch of the dungeon, and saw 4 of its levels.

You collected 215 gold pieces.

Inventory:

Hand Weapons
 a - a +0 dagger
 b - a +0 short sword
 i - a +2 dagger of freezing
 n - a +1 spear of venom (weapon)
 t - a +2 whip of electrocution
Missiles
 c - 109 stones
 f - 49 sling bullets
Armour
 d - a +0 leather armour (worn)
 h - a +0 helmet (worn)
Magical Staves
 g - a staff of cold
 p - a staff of poison
 y - a staff of death
Jewellery
 w - a +4 ring of evasion (left hand)
Scrolls
 j - a scroll of noise {unknown}
 k - 2 scrolls of identify {unknown}
 l - 2 scrolls of teleportation {unknown}
 m - a scroll of silence {unknown}
 o - 3 scrolls of acquirement {unknown}
 q - a scroll of blinking {unknown}
 s - a scroll of enchant armour {unknown}
 z - a scroll of brand weapon {unknown}
Potions
 e - a potion of heal wounds {unknown}
 r - a potion of cancellation {unknown}
 u - 2 potions of mutation {unknown}
 v - a potion of curing {unknown}
 x - a potion of attraction {unknown}


   Skills:
 * Level 2.6 Fighting
 + Level 1.7 Armour
 + Level 2.1 Dodging
 - Level 2.1 Stealth
 * Level 3.1 Spellcasting
 * Level 2.6 Conjurations
 - Level 0.7 Transmutations
 * Level 5.0 Earth Magic


You had 10 spell levels left.
You knew the following spells:

 Your Spells              Type           Power      Damage    Failure   Level
a - Sandblast             Erth           40%        2d10      2%          1

Your spell library contained the following spells:

 Spells                   Type           Power      Damage    Failure   Level
 Passwall                 Tmut/Erth      10%        N/A       10%         2
 Stone Arrow              Conj/Erth      32%        3d9       13%         3
 Summon Small Mammal      Summ           8%         N/A       22%         1
 Call Canine Familiar     Summ           2%         N/A       54%         3
 Summon Guardian Golem    Hex/Summ       2%         N/A       54%         3
 Petrify                  Tmut/Erth      13%        N/A       54%         4
 Dispersal                Tloc           1%         N/A       100%        6
 Disjunction              Tloc           1%         N/A       100%        8


Dungeon Overview and Level Annotations

Branches:
Dungeon (4/15)
 Temple: D:4-7

Altars:

Annotations:
D:4 Edmund


Innate Abilities, Weirdness & Mutations

You are immune to sickness and miasma.
Your stone body is resilient. (AC +4)
You are immune to poison.
You resist negative energy. (rN+)
You are resistant to electric shocks. (rElec)
You are resistant to unholy torment.
You are immune to petrification.


Message History

Aim: Edmund, wielding a +1 flail of protection and wearing a +0 scale mail (moderately wounded, very poisoned, 83% to hit)
The blast of sand hits Edmund but does no damage.
Edmund is moderately wounded.
Unknown command.
Casting: Sandblast (safe; 2% risk of failure)
Confirm with . or Enter, or press ? or * to list all spells.
You don't know that spell.
Unknown command.
Unknown command.
Casting: Sandblast (safe; 2% risk of failure)
Confirm with . or Enter, or press ? or * to list all spells.
You don't know that spell.
Unknown command.
There is an open door here.
You hit Edmund but do no damage.
Edmund is moderately wounded.
Edmund hits you with a +1 flail of protection.
* * * LOW HITPOINT WARNING * * *
Edmund says, "People will remember me!
They'll remember me and die!"
Edmund looks more healthy.
You hit Edmund but do no damage.
Edmund is poisoned.
Edmund is severely wounded.
Edmund hits you with a +1 flail of protection.
* * * LOW HITPOINT WARNING * * *
Edmund hits you with a +1 flail of protection.
* * * LOW HITPOINT WARNING * * *
Okay, then.
Casting: Sandblast (safe; 2% risk of failure)
Confirm with . or Enter, or press ? or * to list all spells.
Aiming: Sandblast (safe; 2% risk of failure)
Press: ? - help, Shift-Dir - straight line, f/p - Edmund
Aim: Edmund, wielding a +1 flail of protection and wearing a +0 scale mail (almost dead, poisoned, 83% to hit)
The blast of sand hits Edmund.
Edmund is almost dead.
Edmund looks more healthy.
There is an open door here.
You barely miss Edmund.
Edmund is almost dead.
Edmund hits you with a +1 flail of protection.
You die...

...+ #..............#...#....#
...####..............###'#....#
#....####......########.......#
+....# +......#......#.......#
#....# #......#......#.......#
#....# #......#......#.......#
#....# #......##.##..#.......#
.....# #......@#.##..#########
.....# #.......@......# .....#
#.......#......# .....#
#.......#......#
.....####.......###+####
'##....#######.......# ).+....#
#.......# ..#....# #.......#
#'#....# #.......#
.......#+#####.......#


You could see Edmund.

Vanquished Creatures
  A water moccasin skeleton (D:3)
  An orc priest (D:2)
  Natasha (thrice) (D:2)
  An adder (D:2)
  An adder skeleton (D:4)
  2 worms
  5 dart slugs
  7 orcs
  11 endoplasms
  3 giant cockroaches
  8 goblins
  5 hobgoblins
  8 jackals (D:2)
  3 quokkas
  5 ball pythons
  4 bats
  4 frilled lizards
  8 kobolds
  4 rats
84 creatures vanquished.

Notes
Turn   | Place    | Note
-------+----------+-------------------------------------------
     0 | D:1      | Kaptain the Gargoyle Earth Elementalist began the quest for
                  | the Orb.
     0 | D:1      | Reached XP level 1. HP: 10/10 MP: 3/3
   126 | D:1      | Reached XP level 2. HP: 8/16 MP: 1/5
   721 | D:1      | Reached skill level 1 in Fighting
   882 | D:2      | Reached XP level 3. HP: 16/20 MP: 3/6
   886 | D:2      | Reached skill level 1 in Conjurations
  1032 | D:2      | Reached skill level 1 in Armour
  1032 | D:2      | Reached skill level 4 in Earth Magic
  1032 | D:2      | Reached XP level 4. HP: 20/25 MP: 0/7
  1393 | D:2      | Noticed Natasha
  1400 | D:2      | Killed Natasha
  1592 | D:2      | Reached XP level 5. HP: 30/30 MP: 6/8
  1797 | D:2      | Noticed Natasha
  1805 | D:2      | Killed Natasha
  1939 | D:2      | Found a faded altar of an unknown god.
  2150 | D:2      | Noticed Natasha
  2162 | D:2      | Killed Natasha
  2760 | D:3      | Reached XP level 6. HP: 23/36 MP: 7/10
  3492 | D:4      | Reached skill level 5 in Earth Magic
  3795 | D:4      | Noticed Edmund
  3848 | D:4      | Slain by Edmund

Illustrated notes

Levels and vault maps discovered:
D:1:      dpeg_arrival_round_c, layout_basic, grunt_decor_fettered,
          amcnicky_mini_pool_small, minmay_hexomino_u4
D:2:      cheibrodos_pilgrimage, layout_basic,
          ebering_ecumenical_altar_abandoned, kennysheep_generic_room_12,
          uniq_natasha
D:3:      layout_loops_ring, grunt_ministairs_4, chequers_serial_rivers_large_a,
          chequers_serial_rivers_micro_c, nicolae_figureground_pulse
D:4:      layout_gridville, hangedman_decor_peaks_small, uniq_edmund

Skill      XL: |  1  2  3  4  5  6 |
---------------+-------------------+-----
Fighting       | 1 2 |  2.6
Conjurations   | 1 2 |  2.6
Armour         | 1 |  1.7
Earth Magic    | 4 5 |  5.0
Dodging        | 2 |  2.1
Spellcasting   | 3 |  3.1
Stealth        | |  2.1
Transmutations | |  0.7

Action                   |  1- 3 |  4- 6 || total
-------------------------+-------+-------++-------
Melee: Short sword       |    50 |    11 ||    61
       Dagger            |     6 |       ||     6
       Spear             |       |    71 ||    71
       Punch             |       |     2 ||     2
 Cast: Sandblast         |    32 |    75 ||   107
 Stab: Sleeping          |     2 |     1 ||     3
Armor: Leather armour    |    28 |    42 ||    70
Dodge: Dodged            |    30 |    69 ||    99
